 Dungeon Crawl Stone Soup version 0.19.1 (webtiles) character file.

230 w00t the Digger (level 6, -4/35 HPs)
             Began as a Gargoyle Earth Elementalist on Dec 15, 2016.
             Slain by an ogre
             ... wielding a +0 giant club
              (14 damage)
             ... on level 4 of the Dungeon.
             The game lasted 00:22:13 (4318 turns).

w00t the Digger (Gargoyle Earth Elementalist)       Turns: 4318, Time: 00:22:13

Health: -4/35      AC:  8    Str: 11 (12) XL:     6   Next: 3%
Magic:  5/9        EV: 11    Int: 14 (15) God:
Gold:   258        SH:  0    Dex:  9 (12) Spells: 3 memorised, 4 levels left

rFire  . . .     SeeInvis .     i - +1 dagger
rCold  . . .     Gourm    .     f - +0 leather armour
rNeg   + . .     Faith    .     (no shield)
rPois  ∞         Spirit   .     (no helmet)
rElec  +         Reflect  .     t - +0 cloak
rCorr  .         Harm     .     (no gloves)
MR     .....                    (no boots)
Stlth  ++........               q - amulet of regeneration
                                (no ring)
                                (no ring)

@: very slightly contaminated
A: negative energy resistance 1, electricity resistance, unbreathing,
petrification resistance, rot immunity, AC +4
a: no special abilities


You were on level 4 of the Dungeon.
You were not hungry.

You visited 1 branch of the dungeon, and saw 4 of its levels.

You collected 258 gold pieces.

Inventory:

Hand Weapons
 h - a +0 whip
 i - a +1 dagger (weapon)
Missiles
 b - 193 stones (quivered)
Armour
 c - a +0 robe
 f - a +0 leather armour (worn)
 l - a +0 ring mail
 n - a +0 chain mail
 t - a +0 cloak (worn)
Jewellery
 q - an amulet of regeneration (around neck)
Wands
 p - a wand of flame (17/48)
 u - a wand of enslavement (7/24)
Scrolls
 a - 4 scrolls of identify
 g - a scroll of remove curse
 j - a scroll of magic mapping {unknown}
 r - a scroll of teleportation
Potions
 m - a potion of lignification
 s - a potion of agility
Books
 e - a book of Geomancy

   Spells                             Type                      Level
   a - Sandblast                      Earth                        1
   b - Passwall                       Transmutation/Earth          2
   c - Stone Arrow                    Conjuration/Earth            3
   d - Petrify                        Transmutation/Earth          4
   e - Lee's Rapid Deconstruction     Earth                        5
Comestibles
 d - 4 bread rations
 k - a chunk of flesh
 o - 3 meat rations


   Skills:
 + Level 2.1 Fighting
 + Level 1.3 Armour
 - Level 1.7 Dodging
 - Level 3.0 Stealth
 - Level 2.6 Spellcasting
 - Level 1.3 Conjurations
 - Level 1.4 Transmutations
 * Level 5.5 Earth Magic


You had 4 spell levels left.
You knew the following spells:

 Your Spells              Type           Power        Failure   Level  Hunger
a - Sandblast             Erth           ###...       3%          1    #......
b - Passwall              Tmut/Erth      ##........   12%         2    ###....
c - Stone Arrow           Conj/Erth      ##....       21%         3    ###....


Dungeon Overview and Level Annotations

Branches:
Dungeon (4/15)
 Temple: D:4-7

Altars:
Cheibriados
Elyvilon
Sif Muna


Innate Abilities, Weirdness & Mutations

You are resistant to torment.
Your stone body is resilient. (AC +4)
You are immune to poison.
You resist negative energy. (rN+)
You are resistant to electric shocks. (rElec)
You can survive without breathing.
You are immune to petrification.
You are immune to rotting.


Message History

The ogre hits you with a giant club!
* * * LOW HITPOINT WARNING * * *
You barely miss the ogre.
The ogre is heavily wounded.
The ogre closely misses you.
You closely miss the ogre.
The ogre is moderately wounded.
You barely miss the ogre.
The ogre is moderately wounded.
The ogre closely misses you.
There is an open door here.
Casting: Sandblast
Confirm with . or Enter, or press ? or * to list all spells.
Aiming: Sandblast
Press: ? - help, Shift-Dir - straight line, f/p - ogre
Aim: an ogre, wielding a giant club (moderately wounded)
The blast of sand hits the ogre.
The ogre is heavily wounded.
The ogre hits you with a giant club!
You die...

.....##......#######
.....##.....##≈≈≈≈≈##
.....##.....#≈≈≈≈≈≈≈#
.....######.#≈≈...≈≈#
###### #.#≈≈._.≈≈#
#.#≈≈...≈≈#
#.#≈≈≈.≈≈≈#
#.##≈≈O≈≈##
#..###@### ##.###.#
#.....# #######


You could see an ogre.

Vanquished Creatures
  A howler monkey (D:4)
  A worker ant (D:4)
  4 gnolls (D:3)
  4 adders
  2 worms (D:2)
  5 dart slugs
  5 orcs
  A ball python (D:3)
  5 giant cockroaches
  4 goblins
  5 hobgoblins
  11 jackals
  A quokka (D:3)
  11 bats
  2 frilled lizards
  7 kobolds
  A quokka skeleton (D:4)
  7 rats
77 creatures vanquished.

Notes
Turn   | Place    | Note
-------+----------+-------------------------------------------
     0 | D:1      | w00t the Gargoyle Earth Elementalist began the quest for the Orb.
     0 | D:1      | Reached XP level 1. HP: 10/10 MP: 3/3
   241 | D:1      | Reached skill level 4 in Earth Magic
   241 | D:1      | Reached XP level 2. HP: 12/15 MP: 3/5
   339 | D:1      | Learned a level 2 spell: Passwall
   904 | D:2      | Reached skill level 1 in Transmutations
   907 | D:2      | Reached XP level 3. HP: 12/19 MP: 1/6
  1279 | D:2      | Learned a level 3 spell: Stone Arrow
  1774 | D:2      | Reached XP level 4. HP: 24/24 MP: 4/7
  2576 | D:3      | Found a white marble altar of Elyvilon.
  2811 | D:3      | Found a snail-covered altar of Cheibriados.
  3049 | D:3      | Reached skill level 1 in Fighting
  3374 | D:3      | Reached skill level 1 in Conjurations
  3374 | D:3      | Reached XP level 5. HP: 22/29 MP: 8/8
  3470 | D:4      | Reached skill level 5 in Earth Magic
  4231 | D:4      | Reached skill level 1 in Armour
  4231 | D:4      | Reached XP level 6. HP: 11/35 MP: 7/9
  4301 | D:4      | Found a deep blue altar of Sif Muna.
  4318 | D:4      | Slain by an ogre

Skill      XL: |  1  2  3  4  5 |
---------------+----------------+-----
Earth Magic    | 4 5 |  5.5
Transmutations | 1 |  1.4
Stealth        | 3 |  3.0
Fighting       | 1 2 |  2.1
Conjurations   | 1 |  1.3
Armour         | 1 |  1.3
Dodging        | |  1.7
Spellcasting   | |  2.6

Action                   |  1- 3 |  4- 6 || total
-------------------------+-------+-------++-------
Melee: Dagger            |   114 |   302 ||   416
 Cast: Sandblast         |    46 |    38 ||    84
       Passwall          |       |     3 ||     3
  Use: Scroll            |     4 |     2 ||     6
       Potion            |     3 |     5 ||     8
 Stab: Sleeping          |     1 |     1 ||     2
  Eat: Chunk             |     4 |     8 ||    12
       Beef jerky        |       |     1 ||     1
Armor: Leather armour    |    78 |   146 ||   224
Dodge: Dodged            |   107 |   220 ||   327
